 Dungeon Crawl Stone Soup version 0.28-a0-8-g6e044cfa68 (webtiles) character file.

Game seed: 6654890162630850471

460 hatdisgam the Slasher (level 6, -16/53 HPs)
             Began as a Minotaur Fighter on July 25, 2021.
             Demolished by a wyvern (17 damage)
             ... on level 4 of the Dungeon.
             The game lasted 00:03:57 (4125 turns).

hatdisgam the Slasher (Minotaur Fighter)            Turns: 4125, Time: 00:03:59

Health: -16/53     AC:  6    Str: 21    XL:     6   Next: 78%
Magic:  5/5        EV:  7    Int:  6    God:
Gold:   119        SH: 10    Dex: 10    Spells: 5/5 levels left

rFire   . . .      SeeInvis .   a - +0 long sword
rCold   . . .      Faith    .   c - +0 kite shield
rNeg    . . .      Spirit   .   b - +0 scale mail
rPois   .          Reflect  .   (helmet restricted)
rElec   .          Harm     .   (no cloak)
rCorr   .          Rampage  .   (no gloves)
Will    .....                   (no boots)
Stlth   ..........              (no amulet)
HPRegen 0.17/turn               (no ring)
MPRegen 0.09/turn               (no ring)

@: no status effects
A: horns 2, retaliatory headbutt
a: no special abilities


You were on level 4 of the Dungeon.
You visited 1 branch of the dungeon, and saw 4 of its levels.

You collected 119 gold pieces.

Inventory:

Hand Weapons
 a - a +0 long sword (weapon)
 d - a +1 dagger of speed
Missiles
 k - 5 boomerangs (quivered)
 m - 49 bolts
 o - 98 stones
 p - 7 silver boomerangs
 q - 28 poisoned darts
Armour
 b - a +0 scale mail (worn)
 c - a +0 kite shield (worn)
Jewellery
 t - a ring of flight
Wands
 s - a wand of acid (11)
Scrolls
 e - 3 scrolls of enchant armour {unknown}
 h - 2 scrolls of identify {unknown}
 i - 3 scrolls of amnesia {unknown}
 j - 2 scrolls of vulnerability {unknown}
 l - 2 scrolls of noise {unknown}
 u - a scroll of brand weapon {unknown}
 v - a scroll of teleportation {unknown}
Potions
 f - 3 potions of heal wounds {unknown}
 g - a potion of curing {unknown}
 n - 3 potions of brilliance {unknown}
 r - a potion of mutation {unknown}
 w - a potion of attraction {unknown}


   Skills:
 + Level 4.4 Fighting
 * Level 6.8 Long Blades
 + Level 2.6 Throwing
 - Level 3.6 Armour
 - Level 5.1 Shields


You had 5 spell levels left.
You didn't know any spells.
Your spell library contained the following spells:

 Spells                   Type           Power      Damage    Failure   Level
 Ensorcelled Hibernation  Hex/Ice        0%         N/A       100%        2
 Spider Form              Tmut/Pois      0%         N/A       100%        3
 Shadow Creatures         Summ           N/A        N/A       100%        6
 Borgnjor's Revivificati  Necr           0%         N/A       100%        8
 Necromutation            Tmut/Necr      0%         N/A       100%        8
 Death's Door             Necr           0%         N/A       100%        9


Dungeon Overview and Level Annotations

Branches:
Dungeon (4/15)
 Temple: D:4-7

Altars:
Kikubaaqudgha

Annotations:
D:4 3 runed translucent doors


Innate Abilities, Weirdness & Mutations

You have a pair of horns on your head.
You reflexively headbutt those who attack you in melee.


Message History

u - a scroll labelled COJEFE NITHRENO
v - a scroll labelled GOS COXKYB
Found a ring mail.
w - a grey potion A wyvern comes into view.
The wyvern hisses angrily.
A jackal comes into view.
There are monsters nearby!
There are monsters nearby!
The jackal barks!
An adder comes into view.
Found a lumpy puce potion.
A phantom comes into view.
You hit the wyvern but do no damage. The wyvern completely misses you.
The wyvern bites you!
Your shield and scale mail prevent you from hitting the wyvern.
You headbutt the wyvern, but do no damage.
The adder bites you but does no damage.
The wyvern bites you but does no damage.
The adder barely misses you. The wyvern bites you!
You hit the wyvern. You headbutt the wyvern.
The wyvern is lightly wounded.
You block the adder's attack. You block the wyvern's attack.
You slash the wyvern! Your headbutt misses the wyvern.
The wyvern is heavily wounded.
The wyvern bites you but does no damage.
You block the adder's attack. The wyvern bites you!
The adder barely misses you.
You hit the wyvern but do no damage.
The wyvern is heavily wounded.
The wyvern bites you! The adder barely misses you.
You block the wyvern's attack. The adder closely misses you.
You riposte.
You barely miss the adder. Your headbutt misses the adder.
You hit the wyvern but do no damage.
The wyvern is heavily wounded.
The wyvern bites you!
* * * LOW HITPOINT WARNING * * *
The adder barely misses you. You furiously retaliate!
You headbutt the adder! The wyvern bites you!
You die...

#...............#.#..
#.......# ......#.#.# .##
#.......# .....#.#.) ....
.......# ##..# #.)..
...###.##..###...# #.###
...............###....
###.###....#...........
.##.(.hS............###.#
......Wl@...............#
.!#.#####..........#....#
#..........##.#.#
##.#...#..##..#.#
#.......###....#
##..#...##†.####
#....#..#†## #...###...#
...# ##..#


You could see a phantom, a wyvern, an adder and a jackal.

Vanquished Creatures
  Duvessa (D:4)
  A scorpion (D:4)
  Dowan (D:4)
  A water moccasin skeleton (D:4)
  4 gnolls
  A howler monkey skeleton (D:4)
  5 adders
  An ufetubus (D:3)
  An adder skeleton (D:4)
  2 dart slugs
  11 orcs
  4 ball pythons
  3 endoplasms
  4 giant cockroaches
  3 goblins
  4 hobgoblins
  18 jackals
  6 kobolds
  2 quokkas
  3 bats
  5 frilled lizards
  3 rats
84 creatures vanquished.

Notes
Turn   | Place    | Note
-------+----------+-------------------------------------------
     0 | D:1      | hatdisgam the Minotaur Fighter began the quest for the Orb.
     0 | D:1      | Reached XP level 1. HP: 19/19 MP: 0/0
    52 | D:1      | Reached skill level 3 in Long Blades
   219 | D:1      | Reached XP level 2. HP: 26/26 MP: 1/1
   498 | D:1      | Found a faded altar of an unknown god.
  1041 | D:2      | Reached XP level 3. HP: 31/31 MP: 2/2
  1060 | D:2      | Reached skill level 4 in Long Blades
  2082 | D:2      | Reached XP level 4. HP: 13/39 MP: 3/3
  2514 | D:3      | Reached skill level 5 in Long Blades
  2520 | D:3      | Reached skill level 1 in Throwing
  2719 | D:3      | Reached XP level 5. HP: 42/45 MP: 4/4
  3383 | D:4      | Noticed Dowan
  3384 | D:4      | Found a runed translucent gate.
  3384 | D:4      | Found a runed translucent gate.
  3384 | D:4      | Noticed Duvessa
  3385 | D:4      | Found a runed translucent gate.
  3613 | D:4      | Found an ancient bone altar of Kikubaaqudgha.
  3633 | D:4      | Reached skill level 5 in Shields
  3733 | D:4      | Reached skill level 6 in Long Blades
  3733 | D:4      | Reached XP level 6. HP: 52/52 MP: 5/5
  3808 | D:4      | Killed Duvessa
  3818 | D:4      | Killed Dowan
  4116 | D:4      | Noticed a wyvern
  4125 | D:4      | HP: 1/53 [wyvern (15)]
  4125 | D:4      | Demolished by a wyvern

Illustrated notes

Levels and vault maps discovered:
D:1:      scummos_arrival_star, layout_basic, shapermc_ecumenical_altar_ellora
D:2:      layout_basic, st_stairs_6
D:3:      layout_basic
D:4:      layout_rooms, mainiacjoe_overflow_cross_hatched,
          gammafunk_ghost_split, minmay_misc_feat_columns, dk_vineyard_3,
          uniq_duvessa, uniq_natasha

Skill      XL: |  1  2  3  4  5  6 |
---------------+-------------------+-----
Long Blades    | 3 4 5 6 |  6.8
Shields        | 4 5 |  5.1
Throwing       | 1 2 |  2.6
Fighting       | 4 |  4.4
Armour         | |  3.6

Action                   |  1- 3 |  4- 6 || total
-------------------------+-------+-------++-------
Melee: Long sword        |   109 |    92 ||   201
       Headbutt          |    16 |    19 ||    35
  Use: Potion            |       |     1 ||     1
Armor: Scale mail        |    65 |    34 ||    99
Dodge: Dodged            |    28 |    36 ||    64
Block: Kite shield       |    65 |    61 ||   126
       Rpst.: Long sword |     7 |     8 ||    15

Table legend: (Time is in decaauts)
 A = Elapsed time spent in this place.
 B = Non-inter-level travel time spent in this place.
 C = Inter-level travel time spent in this place.
 D = Time resting spent in this place.
 E = Time spent auto-exploring this place.
 F = Levels seen in this place.
 G = Mean time per level.
                   A        B        C        D        E       F      G
               +--------+--------+--------+--------+--------+-----+--------+
         Total |   4207 |   4090 |    117 |    757 |   2780 |   4 | 1051.8 |
       Dungeon |   4207 |   4090 |    117 |    757 |   2780 |   4 | 1051.8 |
               +--------+--------+--------+--------+--------+-----+--------+

Top non-repeatable levels by time:
     D:2: 1638 daAuts
     D:3: 1112 daAuts
     D:1: 883 daAuts
     D:4: 573 daAuts
